 Dungeon Crawl Stone Soup version 0.27.1-33-g824d729ab1 (webtiles) character file.

Game seed: 5478172741788370839

8513 hamarrboo the Basher (level 11, -3/69 HPs)
             Began as a Gargoyle Berserker on Dec 7, 2021.
             Was an Elder of Trog.
             Slain by an ice dragon simulacrum (12 damage)
             ... in a Gauntlet.
             The game lasted 00:54:05 (11210 turns).

hamarrboo the Basher (Gargoyle Berserker)          Turns: 11210, Time: 00:54:06

Health: -3/69      AC: 28    Str: 25    XL:     11   Next: 32%
Magic:  0/9        EV:  8    Int:  7    God:    Trog [****..]
Gold:   642        SH:  0    Dex:  9    Spells: 10/10 levels left

rFire    . . .     SeeInvis +   D - +4 flail (drain)
rCold    . . .     Faith    .   (no shield)
rNeg     + + .     Spirit   +   g - +0 plate armour
rPois    ∞         Reflect  .   y - +2 hat {SInv}
rElec    +         Harm     .   C - +0 cloak
rCorr    .         Rampage  .   z - +0 pair of gloves
Will     ++...     NoTele   +   j - +1 pair of boots
Stlth    ..........             I - amulet of guardian spirit
HPRegen  1.21/turn              v - ring of flight
MPRegen  0.11/turn              w - ring of positive energy

@: strong-willed, flying, regenerating
A: sickness immunity, AC +8, negative energy resistance 1, electricity
resistance, torment resistance 1, petrification resistance, low mp 1
a: Renounce Religion, Berserk, Trog's Hand, Brothers in Arms


You were in a Gauntlet.
You worshipped Trog.
Trog was greatly pleased with you.
You visited 1 branch of the dungeon, and saw 11 of its levels.
You also visited: Gauntlet.

You collected 642 gold pieces.

Inventory:

Hand Weapons
 r - a +2 shortbow of freezing
 u - a +2 dagger of holy wrath
 D - a +4 flail of draining (weapon)
Missiles
 a - 3 throwing nets
 B - 20 arrows
Armour
 g - a +0 plate armour (worn)
 j - a +1 pair of boots (worn)
 y - a +2 hat of see invisible (worn)
 z - a +0 pair of gloves (worn)
 C - a +0 cloak (worn)
Jewellery
 v - a ring of flight (left hand)
 w - a ring of positive energy (right hand)
 I - an amulet of guardian spirit (around neck)
Wands
 K - a wand of flame (2) (quivered)
Scrolls
 c - a scroll of fear {unknown}
 d - 2 scrolls of enchant weapon {unknown}
 f - 4 scrolls of blinking {unknown}
 h - 3 scrolls of teleportation {unknown}
 i - 10 scrolls of identify {unknown}
 k - a scroll of torment {unknown}
 l - 3 scrolls of vulnerability {unknown}
 n - 2 scrolls of amnesia {unknown}
 p - a scroll of brand weapon {unknown}
 A - 2 scrolls of noise {unknown}
 F - 2 scrolls of fog {unknown}
 G - a scroll of immolation {unknown}
Potions
 b - 6 potions of curing {unknown}
 e - a potion of heal wounds {unknown}
 m - 2 potions of berserk rage {unknown}
 o - a potion of mutation {unknown}
 q - 2 potions of magic {unknown}
 s - 3 potions of haste {unknown}
 t - 2 potions of degeneration {unknown}
 x - 2 potions of attraction {unknown}
 E - a potion of invisibility {unknown}
 H - 2 potions of flight {unknown}
 J - a potion of might {unknown}


   Skills:
 + Level 8.5 Fighting
 + Level 11.2 Maces & Flails
 + Level 3.4 Slings
 + Level 7.1 Bows
 + Level 8.2 Armour
 + Level 2.9 Dodging
 + Level 0.8 Stealth
 + Level 0.2 Unarmed Combat


You had 10 spell levels left.
You didn't know any spells.
Your spell library was empty.

Dungeon Overview and Level Annotations

Branches:
Dungeon (11/15)            Temple (0/1) D:5            Lair (0/6) D:8
Gauntlet (1/1)
    Orc: D:9-12

Altars:
Xom

Shops:
D:1 =   D:4 =

Annotations:
D:6 1 runed translucent door, exclusion: door, Orb's ghost, novice OpVM
D:8 exclusion: downstairs Gauntlet 9 transporters


Innate Abilities, Weirdness & Mutations

You are immune to sickness and miasma.
Your stone body is resilient. (AC +8)
You are immune to poison.
You resist negative energy. (rN+)
You are resistant to electric shocks. (rElec)
You are resistant to unholy torment.
You are immune to petrification.
Your magical capacity is low. (-10% MP)


Message History

Aim: an ice dragon simulacrum (97% to hit)
The puff of flame hits the centaur warrior simulacrum!
The centaur warrior simulacrum melts!
The centaur warrior simulacrum is almost destroyed.
The centaur warrior simulacrum barely misses you.
The centaur warrior simulacrum kicks you but does no damage.
Aiming: Throw Flame
Press: ? - help, Q - select action, (/) - cycle Shift-Dir - straight line, f/p - ice dragon simulacrum
Aim: an ice dragon simulacrum (97% to hit)
The puff of flame hits the centaur warrior simulacrum.
The centaur warrior simulacrum melts!
The centaur warrior simulacrum vaporises!
Trog accepts your kill.
You hear a sizzling sound!
Aiming: Throw Flame
Press: ? - help, Q - select action, (/) - cycle Shift-Dir - straight line, f/p - ice dragon simulacrum
Aim: an ice dragon simulacrum (97% to hit)
The puff of flame hits the ice dragon simulacrum.
The ice dragon simulacrum melts!
The ice dragon simulacrum is lightly damaged.
The ice dragon simulacrum closely misses you.
The ice dragon simulacrum claws you but does no damage.
The ice dragon simulacrum tramples you. The ice dragon simulacrum freezes you!
* * * LOW HITPOINT WARNING * * *
Aiming: Throw Flame
Press: ? - help, Q - select action, (/) - cycle Shift-Dir - straight line, f/p - ice dragon simulacrum
Aim: an ice dragon simulacrum (lightly damaged, 97% to hit)
Okay, then.
Your skin crawls.
You feel strong-willed.
Aiming: Throw Flame
Press: ? - help, Q - select action, (/) - cycle Shift-Dir - straight line, f/p - ice dragon simulacrum
Aim: an ice dragon simulacrum (lightly damaged, 97% to hit)
The puff of flame hits the ice dragon simulacrum!
The ice dragon simulacrum melts!
The ice dragon simulacrum is moderately damaged.
The ice dragon simulacrum bites you.
* * * LOW HITPOINT WARNING * * *
The ice dragon simulacrum freezes you!
You die...

#≈≈.P.#.####..#.##..##.##...
##≈...#...ZkZ.#.#[##..#.#...
##...#########.#.#.#.#.###.
##≈.♣.........#©#©#.©#.##©#.
#≈≈.P.#########.#(.#.##.#.#.
##≈...#Z....#.#.#..##†.##.#. .♣
##...#.###.#.#.###^.##.#.#.
#...##..♣.#|..###.#.#########.#.
#.♣.#..P..#©..©@Z.#©#.......#.#.
#...#.♣P..#=..###.###..P♣P..#.##
#.©.#.....#(###.#.#...P...P.#.#.
#...#.....#.....#.#..P#≈#≈#.#.#.
##.©.#.....#########..P≈≈≈≈≈.#.#.
.....#..∩............♣.#≈#≈#.#©#©
#.©.#.....#########.P.≈≈≈≈≈.#.#.
#...#.....###.ss..#...#≈#≈#.#.#)
#.©.#.....####.##.#...PPPPP.#.#.


You could see a death drake, 2 spectral wolf spiders, 2 redbacks and an ice
dragon simulacrum.

Vanquished Creatures
  A two-headed ogre (D:8)
  2 hornets (D:9)
  A shadow (D:7)
  2 centaur simulacra (Gauntlet)
  Sigmund (D:3)
  2 wyverns
  10 yaks
  A wraith (D:11)
  A neqoxec (Gauntlet)
  Eustachio (D:5)
  3 chaos spawn (Gauntlet)
  2 swamp worms (Gauntlet)
  Edmund (D:6)
  A water moccasin (D:8)
  5 black bears
  An ice beast (D:5)
  2 orc warriors (D:7)
  3 sky beasts
  3 ogres
  The ghost of SensoryNuts the Chopper, an amateur DrBe of Trog (D:3)
  2 centaurs
  2 necrophages
  A kobold brigand (D:9)
  Blork the orc (D:6)
  3 bullfrogs
  2 gnoll sergeants
  3 scorpions
  6 killer bees
  3 wights
  2 howler monkeys
  2 centaur zombies
  4 hounds
  5 orc priests
  A gnoll shaman (D:5)
  3 jellies
  A bullfrog skeleton (D:3)
  A centaur skeleton (D:7)
  Terence (D:3)
  An iguana (D:7)
  5 orc wizards
  2 hound skeletons (D:5)
  A howler monkey zombie (D:6)
  18 gnolls
  9 adders
  2 shadow imps
  A white imp (D:5)
  2 ufetubi
  2 worms
  3 dart slugs (D:3)
  15 orcs
  7 ball pythons
  5 bats
  8 endoplasms
  3 giant cockroaches
  9 goblins
  4 hobgoblins
  6 frilled lizards
  16 kobolds
  7 rats
213 creatures vanquished.

Vanquished Creatures (others)
  A demonic plant (Gauntlet)
1 creature vanquished.

Grand Total: 214 creatures vanquished

Notes
Turn   | Place    | Note
-------+----------+-------------------------------------------
     0 | D:1      | hamarrboo the Gargoyle Berserker began the quest for the
                  | Orb.
     0 | D:1      | Reached XP level 1. HP: 14/14 MP: 1/1
   441 | D:1      | Reached XP level 2. HP: 16/19 MP: 2/2
  1048 | D:1      | Reached XP level 3. HP: 24/24 MP: 3/3
  1133 | D:1      | Found Wovuerph's Jewellery Emporium.
  1380 | D:2      | Reached ** piety under Trog
  1381 | D:2      | Found a faded altar of an unknown god.
  1675 | D:3      | Noticed Terence
  1694 | D:3      | Killed Terence
  1695 | D:3      | Reached XP level 4. HP: 14/29 MP: 4/4
  1963 | D:3      | Noticed Sigmund
  1999 | D:3      | Killed Sigmund
  2000 | D:3      | Reached skill level 4 in Maces & Flails
  2000 | D:3      | Reached XP level 5. HP: 20/33 MP: 5/5
  2188 | D:3      | Reached XP level 6. HP: 38/38 MP: 6/6
  3208 | D:3      | Found a runed translucent gate.
  3208 | D:3      | Found a runed translucent gate.
  3208 | D:3      | Found a runed translucent gate.
  3209 | D:3      | Noticed SensoryNuts's ghost (amateur DrBe)
  3240 | D:3      | Reached skill level 5 in Maces & Flails
  3300 | D:3      | Killed SensoryNuts's ghost
  3702 | D:5      | Entered Level 5 of the Dungeon
  3775 | D:4      | Found Riucux's Jewellery Emporium.
  3896 | D:4      | Reached XP level 7. HP: 44/44 MP: 7/7
  4546 | D:4      | Reached *** piety under Trog
  4785 | D:5      | Reached skill level 1 in Slings
  4920 | D:5      | Reached skill level 6 in Maces & Flails
  4920 | D:5      | Reached skill level 5 in Armour
  4930 | D:5      | Reached XP level 8. HP: 39/48 MP: 8/8
  4933 | D:5      | Reached skill level 5 in Fighting
  5331 | D:5      | Noticed Eustachio
  5344 | D:5      | Killed Eustachio
  5397 | D:5      | Found a staircase to the Ecumenical Temple.
  5623 | D:6      | Noticed Blork the orc
  5651 | D:6      | Killed Blork the orc
  5742 | D:6      | Reached skill level 7 in Maces & Flails
  6142 | D:6      | Reached skill level 1 in Bows
  6434 | D:6      | Noticed Edmund
  6444 | D:6      | Reached XP level 9. HP: 51/55 MP: 9/9
  6454 | D:6      | Killed Edmund
  6637 | D:6      | Found a runed translucent door.
  6637 | D:6      | Found a shimmering altar of Xom.
  6637 | D:6      | Noticed Orb's ghost (novice OpVM)
  6638 | D:6      | Noticed a +0 flail of chaos
  6952 | D:7      | Reached skill level 8 in Maces & Flails
  7945 | D:7      | Reached **** piety under Trog
  7951 | D:7      | Reached skill level 9 in Maces & Flails
  7951 | D:7      | Reached XP level 10. HP: 60/61 MP: 10/10
  8468 | D:8      | Reached skill level 5 in Bows
  8530 | D:8      | Found a staircase to the Lair.
  9140 | D:8      | Noticed a two-headed ogre
  9162 | D:8      | Killed a two-headed ogre
  9163 | D:8      | Reached skill level 10 in Maces & Flails
  9464 | D:10     | Entered Level 10 of the Dungeon
  9663 | D:9      | Found a shimmering altar of Xom.
  9880 | D:9      | Reached XP level 11. HP: 67/68 MP: 11/11
  9939 | D:9      | Identified the +8 mace of Uncomfortable Rashes {pain, rF+
                  | rC+ Dex+3}
 10071 | D:9      | Noticed an eight-headed hydra
 10739 | D:11     | Found a gate leading to a gauntlet.
 10748 | Gauntlet | Entered a Gauntlet
 10748 | Gauntlet | Found a transporter.
 10759 | Gauntlet | Found a transporter.
 10761 | Gauntlet | Found a transporter.
 10774 | Gauntlet | Found a transporter.
 10775 | Gauntlet | Found a transporter.
 10782 | Gauntlet | Found a transporter.
 10784 | Gauntlet | Noticed a ghost crab
 10803 | Gauntlet | Found a transporter.
 10803 | Gauntlet | Noticed a moth of wrath
 10815 | Gauntlet | Found a transporter.
 10821 | Gauntlet | Found a transporter.
 10824 | Gauntlet | Found a transporter.
 10837 | Gauntlet | Found a transporter.
 10839 | Gauntlet | Found a transporter.
 10864 | Gauntlet | Noticed a death drake
 10870 | Gauntlet | Found a transporter.
 10881 | Gauntlet | Found a transporter.
 10924 | Gauntlet | Gained mutation: Your magical capacity is low. (-10% MP) [a
                  | neqoxec]
 11161 | Gauntlet | Reached skill level 11 in Maces & Flails
 11210 | Gauntlet | Slain by an ice dragon simulacrum

Illustrated notes

Levels and vault maps discovered:
D:1:      psy_arrival_heroes, layout_basic, serial_shops,
          nicolae_lakefront_shop, corner_web_ring
D:2:      layout_loops_cross, basic_ecumenical_altar, minivault_5
D:3:      layout_basic, cheibrodos_sewer_entry_drain,
          gammafunk_ghost_necromancy, uniq_terence, uniq_sigmund
D:4:      layout_loops_corners, serial_shops, nicolae_shop_behind_doors
D:5:      layout_basic, temple_doors_e, uniq_eustachio
D:6:      layout_basic, ebering_ghost_xom, item_on_display_a, uniq_edmund,
          uniq_blork_the_orc
D:7:      minmay_razor_zed, layout_basic, kennysheep_small_square
D:8:      layout_loops_ring, david_lair_generic
D:9:      layout_loops_ring, mainiacjoe_overflow_24_doors
D:10:     layout_irregular_city, serial_rivers, chequers_serial_rivers_micro_c,
          chequers_serial_rivers_marsh, chequers_serial_rivers_small_a,
          chequers_serial_rivers_micro_e, chequers_serial_rivers_large_b,
          chequers_serial_rivers_large_a, minmay_misc_feat_four_crosses,
          minmay_statue_bubble, uniq_josephine
D:11:     cheibrodos_barr_body, layout_gridville, orc_0_dummy,
          gauntlet_entry_generic, nicolae_wwwww
Gauntlet: minmay_gauntlet_77_tree [minmay_gauntlet_arena_77_museum,
          minmay_gauntlet_arena_77_mess, minmay_gauntlet_arena_77_box,
          minmay_gauntlet_arena_77_radiant_squares,
          minmay_gauntlet_arena_77_mirror, minmay_gauntlet_arena_77_p_blocks,
          minmay_gauntlet_arena_77_braids, gauntlet_exit_spiral]

Skill      XL: |  1  2  3  4  5  6  7  8  9 10 11 |
---------------+----------------------------------+-----
Dodging        | 2 |  2.9
Fighting       | 4 5 6 8 |  8.5
Maces & Flails | 4 5 6 7 9 10 11 | 11.2
Armour         | 3 4 5 6 7 8 |  8.2
Slings         | 2 3 |  3.4
Bows           | 2 4 6 7 |  7.1
Stealth        | |  0.8
Unarmed Combat | |  0.2

Action                   |  1- 3 |  4- 6 |  7- 9 | 10-12 || total
-------------------------+-------+-------+-------+-------++-------
Melee: Mace              |    95 |   160 |    33 |       ||   288
       Unarmed           |       |     2 |       |       ||     2
       Flail             |       |       |   250 |   265 ||   515
 Fire: Hunting sling     |       |       |    36 |       ||    36
       Shortbow          |       |       |    49 |    55 ||   104
Invok: Berserk           |     1 |     2 |     6 |     2 ||    11
       Trog's Hand       |       |       |     2 |     4 ||     6
Evoke: Wand              |       |       |       |     7 ||     7
 Stab: Invisible         |       |       |       |     2 ||     2
Armor: Leather armour    |    30 |       |       |       ||    30
       Plate armour      |     3 |   110 |   205 |   224 ||   542
Dodge: Dodged            |    44 |    67 |   153 |   128 ||   392
